[Event "*** Titled Tuesday Blitz"]
[Site "Chess.com"]
[Date "2021.02.16"]
[Round "2"]
[White "sara_khm"]
[Black "Ladislav1969"]
[Result "1-0"]
[WhiteElo "2636"]
[BlackElo "2316"]
[TimeControl "180+1"]
[EndTime "10:17:08 PST"]
[Termination "sara_khm won by resignation"]

1. d4 Nf6 2. c4 g6 3. g3 Bg7 4. Bg2 d5 5. cxd5 Nxd5 6. e4 Nb6 7. Ne2 c5 8. d5 e6 9. Nbc3 O-O 10. O-O exd5 11.
exd5 N8d7 12. Be3 Nc4 13. Bc1 Nde5 14. b3 Nd6 15. Be3 b6 16. Rc1 Ba6 17. Qd2 Re8 18.
Rfd1 Nf5 19. Bg5 f6 20. Bf4 Nd3 21. Rb1 Nxf4 22. Nxf4 Nd4 23. Ne6 Nxe6 24. dxe6 Qxd2 25. Rxd2 Rad8 26. Rxd8 Rxd8 27. Re1 f5 28. e7 Re8 29.
Bc6 Bxc3 30. Bxe8 Bxe1 31. Bd7 1-0

[Event "*** Titled Tuesday Blitz"]
[Site "Chess.com"]
[Date "2021.02.16"]
[Round "2"]
[White "profofchess"]
[Black "bogcsab"]
[Result "1-0"]
[WhiteElo "2430"]
[BlackElo "2174"]
[TimeControl "180+1"]
[EndTime "10:17:10 PST"]
[Termination "profofchess won by resignation"]

1. e4 d5 2. exd5 Qxd5 3. Nc3 Qd8 4. d4 g6 5. Bc4 Bg7 6. Nge2 Nf6 7. Bg5 h6 8. Bf4 O-O 9. Qd2 Kh7 10. h4 c6 11. h5 Nxh5 12. Be3 f5 13. O-O-O Nd7 14. Nf4 Nxf4 15. Bxf4 h5 16. Qe2 Nf6 17. Bb3 Nd5 18. Bg5 Nxc3 19. Rxh5+ 1-0

[Event "*** Titled Tuesday Blitz"]
[Site "Chess.com"]
[Date "2021.02.16"]
[Round "2"]
[White "Alexsur1981"]
[Black "AustrianFalcon"]
[Result "1-0"]
[WhiteElo "2855"]
[BlackElo "2531"]
[TimeControl "180+1"]
[EndTime "10:17:12 PST"]
[Termination "Alexsur1981 won by checkmate"]

1. e4 g6 2. d4 Bg7 3. c4 d6 4.
Nc3 e5 5. Nge2 Nc6 6. d5 Nd4 7. Be3 Nxe2 8. Bxe2 h5 9. c5 Bh6 10. Bxh6 Nxh6 11. cxd6 cxd6 12. Qd2 a6 13. O-O-O b5 14. Kb1 Bd7 15. Rc1 b4 16. Nd1 a5 17. f3 f5 18. Ne3 f4 19. Nc4 Nf7 20. g3 g5 21.
gxf4 gxf4 22. Rhg1 Ke7 23. Qe1 h4 24. Rg6 Bb5 25. Re6+ Kf8 26. Nd2 Bxe2 27. Qxe2 Rh6 28. Nc4 Rc8 29. Rd1 Qc7 30. b3 a4 31. Qg2 axb3 32.
axb3 Qa7 33. Rg1 Rxe6 34. dxe6 Ra8 35. Qg7+ Ke7 36. Qxf7+ Kd8 37. Rg8# 1-0

[Event "*** Titled Tuesday Blitz"]
[Site "Chess.com"]
[Date "2021.02.16"]
[Round "2"]
[White "maximnovik"]
[Black "Smirnov_Pavel"]
[Result "0-1"]
[WhiteElo "2548"]
[BlackElo "2903"]
[TimeControl "180+1"]
[EndTime "10:17:16 PST"]
[Termination "Smirnov_Pavel won by resignation"]

1. Nf3 Nf6 2. g3 e6 3. Bg2 d5 4. O-O Be7 5. d3 O-O 6. Nbd2 c5 7. e4 Nc6 8. Re1 dxe4 9. dxe4 e5 10. c3 Qc7 11. h3 h6 12. Qe2 Be6 13. Nh4 Rfd8 14. Nf5 Bf8 15. Qf3 g6 16. Ne3 Bg7 17. Ndf1 c4 18.
Ng4 Nxg4 19. hxg4 Rd3 20. Qe2 Rad8 21. g5 h5 22. Ne3 Ne7 23. Qf3 Bg4 24. Nxg4 Rxf3 25.
Ne3 Rxe3 26. Bxe3 Nc6 27. Bf1 b5 28. a4 b4 29. Bxc4 bxc3 30. bxc3 Nd4 31. cxd4 exd4 32.
Bxf7+ Qxf7 33. Bf4 d3 34. e5 d2 35. Red1 Qf5 36.
Ra2 Bxe5 37. Bxe5 Qxe5 0-1

[Event "*** Titled Tuesday Blitz"]
[Site "Chess.com"]
[Date "2021.02.16"]
[Round "2"]
[White "Infernal_XaM"]
[Black "verdest"]
[Result "1-0"]
[WhiteElo "2820"]
[BlackElo "2506"]
[TimeControl "180+1"]
[EndTime "10:17:16 PST"]
[Termination "Infernal_XaM won by resignation"]

1. d4 Nf6 2. c4 e6 3. Nc3 d5 4.
Nf3 Bb4 5. a3 Bxc3+ 6. bxc3 O-O 7. Bg5 b6 8. cxd5 exd5 9. Qc2 h6 10. Bh4 Ba6 11. Qf5 Nbd7 12. Ne5 Qe7 13. g4 Qe6 14. Bg2 Qxf5 15. gxf5 Bb7 16. c4 Nxe5 17. dxe5 Ne4 18. Rg1 Kh7 19. cxd5 Bxd5 20. O-O-O c6 21. Be7 Rfe8 22. f6 g5 23. Kc2 Nxf2 24. Bxd5 Nxd1 25. Be4+ 1-0

[Event "*** Titled Tuesday Blitz"]
[Site "Chess.com"]
[Date "2021.02.16"]
[Round "2"]
[White "NTBT_DHS"]
[Black "BvsN"]
[Result "1-0"]
[WhiteElo "2793"]
[BlackElo "2364"]
[TimeControl "180+1"]
[EndTime "10:17:16 PST"]
[Termination "NTBT_DHS won by resignation"]

1. d4 d5 2. c4 c6 3. Nf3 Nf6 4. Nc3 e6 5. cxd5 exd5 6. Bg5 h6 7. Bh4 Bf5 8. e3 Nbd7 9. Be2 Be7 10. O-O O-O 11.
a3 Ne4 12. Bxe7 Qxe7 13. Nxe4 Bxe4 14. b4 a5 15. b5 Bxf3 16. Bxf3 Nf6 17. bxc6 bxc6 18.
Qc2 Rfc8 19. Rfc1 a4 20. Rab1 Qe6 21. Rb4 h5 22. h3 h4 23. Rxa4 Rxa4 24. Qxa4 Ne4 25.
Bxe4 Qxe4 26. Rxc6 Qb1+ 27. Kh2 Qb8+ 28. f4 Re8 29.
Qc2 Qa8 30. Rc3 Qb8 31. Qf5 Qb2 32. Rc8 Rxc8 33. Qxc8+ Kh7 34. Qf5+ Kg8 35. Qxd5 Qf2 36. Qf3 Qe1 37. d5 f6 38. e4 g5 39. fxg5 fxg5 40.
Qg4 Kh7 41. Qh5+ Kg7 42. Qxg5+ Kh8 43. d6 Qd1 44. Qxh4+ Kg7 45. Qg4+ Kh6 46. Qxd1 1-0

[Event "*** Titled Tuesday Blitz"]
[Site "Chess.com"]
[Date "2021.02.16"]
[Round "2"]
[White "JimmmyZhang"]
[Black "KafkaesqueKnight"]
[Result "1-0"]
[WhiteElo "2434"]
[BlackElo "2194"]
[TimeControl "180+1"]
[EndTime "10:17:17 PST"]
[Termination "JimmmyZhang won by resignation"]

1. Nf3 Nf6 2. g3 e6 3. Bg2 d5 4. O-O Be7 5. c4 dxc4 6. Qa4+ Bd7 7. Qxc4 Bc6 8. Nc3 O-O 9. d3 Nbd7 10. Bf4 Nb6 11. Qb3 Nbd5 12. Bd2 Nb6 13. Rac1 a5 14. Qc2 a4 15. a3 Rc8 16. Rfd1 h6 17. Qb1 Nfd5 18.
Ne4 f5 19. Nc5 Bxc5 20. Rxc5 Qd6 21. Rdc1 e5 22. d4 e4 23. Ne5 Nd7 24. Rxc6 bxc6 25. Rxc6 Qe7 26. Ng6 Qf7 27. Nxf8 Rxf8 28. e3 N7b6 29.
Bf1 Kh8 30. Ba5 Ra8 31. Bxb6 Nxb6 32. Qc2 Ra7 33. Qc5 Nc8 34. Bc4 Qd7 35. Be6 Qe7 36.
Bxc8 1-0

[Event "*** Titled Tuesday Blitz"]
[Site "Chess.com"]
[Date "2021.02.16"]
[Round "2"]
[White "InvisibleWarrior2252"]
[Black "stepakyedael"]
[Result "0-1"]
[WhiteElo "2569"]
[BlackElo "2340"]
[TimeControl "180+1"]
[EndTime "10:17:20 PST"]
[Termination "stepakyedael won by resignation"]

1. d4 Nf6 2. c4 g6 3. Nc3 Bg7 4. e4 d6 5. Nge2 O-O 6. Ng3 Nc6 7. d5 Ne5 8. f4 Bg4 9. Be2 Bxe2 10. Qxe2 Ned7 11. O-O c6 12. Kh1 cxd5 13. cxd5 Nb6 14. Be3 Rc8 15. Bd4 Qc7 16. f5 Nc4 17. fxg6 hxg6 18.
Rf2 a6 19. Raf1 Ne5 20. Qe3 Neg4 21. Qg5 Nxf2+ 22. Rxf2 Nh7 23. Qe3 Bxd4 24. Qxd4 Qc5 25. Qd2 b5 26. h4 b4 27. Nce2 Qxf2 0-1

[Event "*** Titled Tuesday Blitz"]
[Site "Chess.com"]
[Date "2021.02.16"]
[Round "2"]
[White "NiranjanNavalgund"]
[Black "thisunaa"]
[Result "1-0"]
[WhiteElo "2473"]
[BlackElo "1981"]
[TimeControl "180+1"]
[EndTime "10:17:21 PST"]
[Termination "NiranjanNavalgund won by resignation"]

1. d4 Nf6 2. c4 g6 3. Nc3 Bg7 4. e4 d6 5. Bd3 O-O 6. Nge2 e5 7. d5 a5 8. Rb1 Na6 9. a3 Nc5 10. Bc2 Nfd7 11. O-O f5 12. exf5 gxf5 13. b4 Na6 14. f4 e4 15. Be3 axb4 16. axb4 b6 17. Nd4 Nf6 18. h3 Ne8 19. Qh5 Qf6 20. g4 Qxd4 21. Bxd4 Bxd4+ 22. Kg2 Bxc3 23. Rb3 Bg7 24. gxf5 Bxf5 25.
Rg3 Nf6 26. Qxf5 Nxb4 27. Bxe4 Ra2+ 28. Kh1 Nxe4 29. Qxe4 Kh8 30. Rfg1 Rg8 31. Qd4 Ra1 32. Qxa1 1-0

[Event "*** Titled Tuesday Blitz"]
[Site "Chess.com"]
[Date "2021.02.16"]
[Round "2"]
[White "SanQui14"]
[Black "Kaslask"]
[Result "1-0"]
[WhiteElo "2448"]
[BlackElo "2244"]
[TimeControl "180+1"]
[EndTime "10:17:23 PST"]
[Termination "SanQui14 won by checkmate"]

1. d4 Nf6 2. Nf3 g6 3. c4 Bg7 4. Nc3 d5 5. cxd5 Nxd5 6. e4 Nxc3 7. bxc3 c5 8. Be3 Qa5 9. Nd2 cxd4 10. Nc4 Qd8 11. cxd4 O-O 12. Rc1 e6 13. Be2 Nc6 14.
d5 exd5 15. exd5 Na5 16. O-O Nxc4 17. Bxc4 Be5 18. Bb3 b6 19. Re1 Qd6 20. Rc6 Qd8 21.
d6 Bb7 22. Rc7 Rb8 23. Bh6 Bxd6 24. Rxf7 Rxf7 25. Bxf7+ Kxf7 26. Qb3+ Kf6 27. Qe6# 1-0

[Event "*** Titled Tuesday Blitz"]
[Site "Chess.com"]
[Date "2021.02.16"]
[Round "2"]
[White "swisspower96"]
[Black "garfield_pg"]
[Result "1-0"]
[WhiteElo "2633"]
[BlackElo "2314"]
[TimeControl "180+1"]
[EndTime "10:17:28 PST"]
[Termination "swisspower96 won by checkmate"]

1. d4 Nf6 2. c4 g6 3. Nc3 Bg7 4. e4 d6 5. h3 O-O 6. Be3 c5 7. Nf3 cxd4 8. Nxd4 Nc6 9. Be2 Nxd4 10. Bxd4 Qa5 11.
O-O Be6 12. Rc1 Rfc8 13. b3 a6 14. Nd5 Bxd5 15. exd5 Nd7 16. Bxg7 Kxg7 17. Qd4+ Kg8 18. a4 Qb4 19. Qe3 Kf8 20. Rfe1 Nc5 21. Bf1 Rc7 22. Rb1 Re8 23. h4 h5 24. Qh6+ Kg8 25. Re3 Qd2 26.
Qg5 Qd4 27. a5 Kg7 28. Rbe1 Qf6 29. Qg3 Kf8 30. Rf3 Qd4 31. Qxg6 Qg7 32. Qxh5 Nd7 33. Rg3 Qf6 34. Qh7 Ne5 35. Rg8# 1-0

[Event "*** Titled Tuesday Blitz"]
[Site "Chess.com"]
[Date "2021.02.16"]
[Round "2"]
[White "Krakozia"]
[Black "Sir_Frankie_Crisp"]
[Result "1-0"]
[WhiteElo "2616"]
[BlackElo "2170"]
[TimeControl "180+1"]
[EndTime "10:17:29 PST"]
[Termination "Krakozia won by resignation"]

1. e4 c5 2. Nf3 d6 3. d4 cxd4 4. Nxd4 Nf6 5. Nc3 Nc6 6. Bg5 Bd7 7. f4 a6 8. Qd2 e6 9. O-O-O b5 10. Bxf6 gxf6 11.
Kb1 Qb6 12. Nxc6 Bxc6 13. Bd3 b4 14. Ne2 Be7 15. f5 e5 16. Ng3 h5 17. Qe2 h4 18.
Nf1 Bf8 19. Bc4 Qc5 20. Ne3 Bh6 21. Nd5 Bxd5 22. Rxd5 Qc7 23. Rhd1 Ke7 24. Rxd6 Qxd6 25. Rxd6 Kxd6 26. Qd3+ Kc7 27. Qd5 Rhd8 28. Qc5+ Kb8 29.
Qxb4+ Kc8 30. Qc5+ Kd7 31. Bxf7 Rac8 32. Qb6 Ke7 33. Qe6+ Kf8 34. a4 Bg5 35. Bh5 Rc7 36. Qxa6 Rd1+ 37. Bxd1 1-0

[Event "*** Titled Tuesday Blitz"]
[Site "Chess.com"]
[Date "2021.02.16"]
[Round "2"]
[White "szachuspl"]
[Black "sergivila"]
[Result "0-1"]
[WhiteElo "2457"]
[BlackElo "2305"]
[TimeControl "180+1"]
[EndTime "10:17:29 PST"]
[Termination "sergivila won by resignation"]

1. d4 Nf6 2. c4 e6 3. Nf3 d5 4.
Nc3 Bb4 5. Bg5 dxc4 6. e4 b5 7. e5 h6 8. Bh4 g5 9. exf6 gxh4 10. Ne5 Bb7 11. Be2 Qxf6 12. O-O Rg8 13. g3 a6 14. Bh5 Rg7 15. Qe2 Bxc3 16. bxc3 Nd7 17. a4 Nxe5 18. dxe5 Qf5 19. axb5 axb5 20. Rxa8+ Bxa8 21. Ra1 Bd5 22. Re1 Rg5 23. g4 Qf4 24. Qe3 Rxg4+ 25. Kf1 Bg2+ 26.
Ke2 Qxe3+ 27. fxe3 Rg5 28. Bf3 Bxf3+ 29. Kxf3 Rxe5 30.
Ra1 Ke7 31. Ra8 Rd5 32. Rc8 Kd6 33. Rh8 Rd3 34. Rxh6 Rxc3 35. Rxh4 b4 36. Rd4+ Ke7 37. h4 b3 38. h5 Rc1 0-1

[Event "*** Titled Tuesday Blitz"]
[Site "Chess.com"]
[Date "2021.02.16"]
[Round "2"]
[White "ErikRonka"]
[Black "krzyzan94"]
[Result "0-1"]
[WhiteElo "2497"]
[BlackElo "2757"]
[TimeControl "180+1"]
[EndTime "10:17:31 PST"]
[Termination "krzyzan94 won by resignation"]

1. e4 e5 2. Nc3 Nf6 3. Bc4 Nc6 4. d3 Bc5 5. f4 d6 6. Nf3 Bg4 7. Na4 Bb6 8. Nxb6 axb6 9. O-O Nd4 10. c3 Nxf3+ 11.
gxf3 Bh3 12. Rf2 Nh5 13. fxe5 dxe5 14. f4 Qh4 15. fxe5 O-O 16. Qf3 Kh8 17. Bf4 Bg4 18.
Bg3 Qg5 19. h4 Qg6 20. Bxf7 Bxf3 21. Bxg6 hxg6 22. Raf1 Nxg3 23. Rxf3 Nxf1 0-1

[Event "*** Titled Tuesday Blitz"]
[Site "Chess.com"]
[Date "2021.02.16"]
[Round "2"]
[White "ClydeHillKid"]
[Black "IwkooO"]
[Result "1-0"]
[WhiteElo "2373"]
[BlackElo "2630"]
[TimeControl "180+1"]
[EndTime "10:17:31 PST"]
[Termination "ClydeHillKid won by resignation"]

1. e4 c5 2. Nf3 e6 3. d3 Nc6 4. g3 d5 5. Nbd2 Nge7 6. Bg2 g6 7. O-O Bg7 8. Re1 O-O 9. Qe2 b5 10. a4 bxa4 11. Rxa4 Re8 12. Nb3 Qb6 13. exd5 Nxd5 14.
Ng5 Bd7 15. Rh4 h5 16. Rxh5 gxh5 17. Qxh5 Re7 18. Bxd5 exd5 19. Rxe7 Nxe7 20. Qxf7+ Kh8 21. Qxe7 Bf5 22. Bf4 c4 23. Be5 Qg6 24. Nd4 Re8 25. Bxg7+ Kg8 26. Nxf5 Qxf5 27. Qxe8+ Kxg7 28. Qf7+ Qxf7 29. Nxf7 Kxf7 30. dxc4 dxc4 31. Kf1 a5 32. c3 1-0

[Event "*** Titled Tuesday Blitz"]
[Site "Chess.com"]
[Date "2021.02.16"]
[Round "2"]
[White "CM_rui"]
[Black "Mazetovic"]
[Result "0-1"]
[WhiteElo "2413"]
[BlackElo "2684"]
[TimeControl "180+1"]
[EndTime "10:17:37 PST"]
[Termination "Mazetovic won by resignation"]

1. e4 c5 2. Nf3 Nc6 3. c4 e5 4. Nc3 Nge7 5. d3 g6 6. Be2 Bg7 7. O-O O-O 8. a3 d6 9. Rb1 f5 10. b4 b6 11. Re1 f4 12. Bf1 h6 13. h3 g5 14. Nh2 Nd4 15. bxc5 dxc5 16. Nd5 Ng6 17.
Qh5 Kh7 18. Ng4 Be6 19. Bb2 Nh4 20. Nh2 Bf7 21. Qd1 Ne6 22. Ng4 Qd6 23. Ndf6+ Bxf6 24. Nxf6+ Kg6 25. Ng4 Nd4 26. Bxd4 Qxd4 27. Kh2 h5 28. g3 hxg4 29. gxh4 Qxf2+ 30. Kh1 Qxh4 31. Qxg4 Qxg4 32. hxg4 Be6 33. Bh3 Rh8 34. Kg2 Rh4 35.
a4 Rah8 36. Rh1 Bxg4 37. Bxg4 Rxg4+ 38. Kf3 Rg3+ 39. Ke2 Rxh1 40. Rxh1 g4 41. a5 bxa5 42. Ra1 Rg2+ 43. Kf1 f3 44. Rxa5 g3 45. Rxc5 Ra2 46. Rc6+ Kg5 47. Ke1 f2+ 48. Kf1 Ra1+ 49. Kg2 0-1

[Event "*** Titled Tuesday Blitz"]
[Site "Chess.com"]
[Date "2021.02.16"]
[Round "2"]
[White "sergeikim"]
[Black "ChronicUnhappiness"]
[Result "1-0"]
[WhiteElo "2522"]
[BlackElo "2305"]
[TimeControl "180+1"]
[EndTime "10:17:37 PST"]
[Termination "sergeikim won on time"]

1. d4 Nf6 2. c4 e6 3. Nc3 Bb4 4. Qc2 c5 5. dxc5 O-O 6. Nf3 Bxc5 7. e3 b6 8. Bd3 Bb7 9. Ne4 Nxe4 10. Bxe4 Bxe4 11.
Qxe4 Nc6 12. O-O Qf6 13. Rd1 Rfd8 14. a3 Rac8 15. Rb1 d5 16. cxd5 exd5 17. Qa4 d4 18. b4 dxe3 19. bxc5 exf2+ 20. Kxf2 Rxd1 21. Qxd1 Rd8 22. Qe1 Qf5 23. Be3 Ne5 24. Rd1 Ng4+ 25. Kg3 Re8 26. Bf4 g5 27. Qxe8+ Kg7 28. Bxg5 h5 29. h3 1-0

[Event "*** Titled Tuesday Blitz"]
[Site "Chess.com"]
[Date "2021.02.16"]
[Round "2"]
[White "Alexander_Moskalenko"]
[Black "karenzadita"]
[Result "1-0"]
[WhiteElo "2767"]
[BlackElo "2424"]
[TimeControl "180+1"]
[EndTime "10:17:38 PST"]
[Termination "Alexander_Moskalenko won on time"]

1. e4 c5 2. Nc3 g6 3. f4 Bg7 4. Nf3 Nc6 5. Bc4 e6 6. O-O Nge7 7. Qe1 O-O 8. d3 d5 9. Bb3 a6 10. Qh4 Na5 11. f5 Nxb3 12. axb3 exf5 13. Bh6 fxe4 14. Ng5 Nf5 15. Rxf5 Bxf5 16. Bxg7 Kxg7 17. Qxh7+ Kf6 18.
dxe4 dxe4 19. Ngxe4+ Bxe4 20. Nxe4+ Ke5 21. Re1 Qd4+ 22. Nf2+ Kf6 23. c3 Qf4 24. Ne4+ Kf5 25.
Ng3+ Kf6 26. Rf1 1-0

[Event "*** Titled Tuesday Blitz"]
[Site "Chess.com"]
[Date "2021.02.16"]
[Round "2"]
[White "WonderChampion"]
[Black "MasterKroket"]
[Result "0-1"]
[WhiteElo "2082"]
[BlackElo "2507"]
[TimeControl "180+1"]
[EndTime "10:17:40 PST"]
[Termination "MasterKroket won by resignation"]

1. d4 Nf6 2. Bg5 e6 3. e4 h6 4. Bh4 g5 5. Bg3 Bg7 6. Bd3 d6 7. Nf3 Nh5 8. O-O b6 9. Nc3 Bb7 10. e5 Nxg3 11. fxg3 c5 12. exd6 Qxd6 13. dxc5 Qxc5+ 14. Kh1 Bxc3 15. bxc3 Nd7 16. Qd2 O-O-O 17. Rfe1 Kb8 18.
Rab1 Rc8 19. c4 Rhd8 20. Rb5 Qc7 21. Qf2 Nc5 22. Qe2 Rd6 23. Reb1 Rcd8 24. Rd1 Ba6 25.
Rb4 Nxd3 26. cxd3 Qc5 27. a3 Bb7 28. Rb5 Bxf3 29. gxf3 Qxa3 30. d4 Rxd4 31. Qe5+ R4d6 32. c5 Qxf3+ 33. Kg1 Qxd1+ 34. Kg2 Qd5+ 35. Qxd5 Rxd5 0-1

[Event "*** Titled Tuesday Blitz"]
[Site "Chess.com"]
[Date "2021.02.16"]
[Round "2"]
[White "ridnani2021"]
[Black "HouseOfDurin"]
[Result "0-1"]
[WhiteElo "2397"]
[BlackElo "2135"]
[TimeControl "180+1"]
[EndTime "10:17:40 PST"]
[Termination "HouseOfDurin won by resignation"]

1. e4 c5 2. Nf3 Nc6 3. Bb5 g6 4. O-O Bg7 5. Re1 e5 6. c3 Nge7 7. d3 h6 8. h3 O-O 9. Be3 d6 10. Nbd2 f5 11. exf5 gxf5 12. Qb3+ Kh7 13. Nf1 f4 14. Bd2 a6 15. Bc4 b5 16. Bd5 Nxd5 17.
Qxd5 Bb7 18. Qe4+ Kg8 19. N1h2 Rf7 20. Ng4 Nd4 21. Qg6 Nxf3+ 22. gxf3 Qg5 23. Qxg5 hxg5 24.
Kg2 Rc7 25. Rad1 Kf7 26. Bc1 Rac8 27. c4 b4 28. b3 a5 29. Bb2 Ra8 30. Ra1 a4 31.
Nh2 Bc6 32. Nf1 Ke6 33. Nd2 a3 34. Bc1 e4 35. Rb1 Bc3 36. fxe4 Rh8 37. f3 Rch7 38. Rh1 Ke5 39. Nf1 Bd7 40. Bd2 Bxh3+ 41. Kf2 Bxf1 42. Bxc3+ bxc3 43. Rxh7 Rxh7 44. Kxf1 Rh1+ 0-1

[Event "*** Titled Tuesday Blitz"]
[Site "Chess.com"]
[Date "2021.02.16"]
[Round "2"]
[White "csati17"]
[Black "Sibelephant"]
[Result "0-1"]
[WhiteElo "2598"]
[BlackElo "3024"]
[TimeControl "180+1"]
[EndTime "10:17:42 PST"]
[Termination "Sibelephant won by resignation"]

1. c4 e5 2. g3 Nc6 3. Bg2 g6 4. Nc3 Bg7 5. e3 Nf6 6. Nge2 O-O 7. O-O d6 8. d4 exd4 9. exd4 Re8 10. h3 Ne7 11. g4 h5 12. g5 Nh7 13. Qd3 Nf5 14.
Ne4 Nh4 15. f3 Qd7 16. Nf4 Qf5 17. Nd5 Nxg2 18. Nxc7 Nh4 19. Nxe8 Qxh3 20. Rf2 Bg4 21. Nxg7 Nxf3+ 22. Rxf3 Bxf3 23. Kf2 Qg2+ 24. Ke3 Kxg7 25.
d5 Re8 26. Kd4 Bxe4 27. Qe3 Qc2 28. Bd2 Nxg5 29. Bc3 Nf3+ 0-1

[Event "*** Titled Tuesday Blitz"]
[Site "Chess.com"]
[Date "2021.02.16"]
[Round "2"]
[White "rugbyclub"]
[Black "Chesseyat004"]
[Result "0-1"]
[WhiteElo "2290"]
[BlackElo "2474"]
[TimeControl "180+1"]
[EndTime "10:17:42 PST"]
[Termination "Chesseyat004 won by checkmate"]

1. e4 e5 2. Nf3 Nc6 3. Bc4 Nf6 4. d4 Nxe4 5. dxe5 d5 6. Qxd5 Qxd5 7. Bxd5 Nc5 8. Bxc6+ bxc6 9. O-O Ba6 10. Re1 Be7 11.
Bg5 Bf8 12. Nc3 h6 13. Bh4 Rb8 14. b3 g5 15. Bg3 Be7 16. Ne4 Nxe4 17. Rxe4 O-O 18. c4 Rbd8 19. Rd4 Bc5 20. Rdd1 Bc8 21. h3 Bf5 22. Kf1 Bc2 23. Rxd8 Rxd8 24. Ke1 Bb4+ 25.
Kf1 Bd3+ 26. Kg1 Be2 27. h4 g4 28. Nh2 h5 29. f3 Bc5+ 30. Kh1 a5 31. fxg4 hxg4 32. e6 fxe6 33. Bxc7 Rd2 34. Bxa5 Rc2 35. a4 g3 36. Nf3 Bxf3 37. gxf3 Rh2# 0-1

[Event "*** Titled Tuesday Blitz"]
[Site "Chess.com"]
[Date "2021.02.16"]
[Round "2"]
[White "GigaQuparadze"]
[Black "LileKoridze"]
[Result "1-0"]
[WhiteElo "2936"]
[BlackElo "2371"]
[TimeControl "180+1"]
[EndTime "10:17:46 PST"]
[Termination "GigaQuparadze won by checkmate"]

1. e4 c5 2. Ne2 Nc6 3. Nbc3 d6 4. d4 cxd4 5. Nxd4 Nf6 6. Nb3 g6 7. Bg5 Bg7 8. Be2 O-O 9. O-O a5 10. a4 Be6 11. Kh1 Rc8 12. f4 Nb4 13. Nd4 Bc4 14.
Ndb5 Bxe2 15. Qxe2 Qb6 16. Rad1 Qc5 17. f5 Rfd8 18. Be3 Qc4 19. Qxc4 Rxc4 20. Bb6 Rdc8 21. Na3 Rxc3 22. bxc3 Rxc3 23. e5 Nfd5 24. Nb5 Rxc2 25. exd6 exd6 26. Bxa5 Be5 27. Bxb4 Nxb4 28. Nxd6 Ra2 29. f6 h5 30. Nc4 Bc7 31. Rd7 Bf4 32. Rd8+ Kh7 33. Rf8 Rxa4 34. Rxf7+ Kh6 35. g3 Bg5 36.
Rf8 h4 37. Rh8# 1-0

[Event "*** Titled Tuesday Blitz"]
[Site "Chess.com"]
[Date "2021.02.16"]
[Round "2"]
[White "CroissantNeuf"]
[Black "tylityli"]
[Result "1-0"]
[WhiteElo "2447"]
[BlackElo "2225"]
[TimeControl "180+1"]
[EndTime "10:17:46 PST"]
[Termination "CroissantNeuf won by resignation"]

1. e4 e5 2. Nf3 Nc6 3. Nc3 Nf6 4. d4 exd4 5. Nxd4 Bb4 6. Nxc6 bxc6 7. Bd3 d5 8. exd5 cxd5 9. O-O O-O 10. h3 c6 11.
Qf3 h6 12. Bf4 Bd6 13. Rad1 a5 14. b3 Qc7 15. Bxh6 Be5 16. Bd2 Be6 17. Rfe1 Bd4 18. Bf4 Qd7 19. Ne2 Bb6 20. Be5 Bd8 21. Nd4 c5 22.
Nf5 Bxf5 23. Bxf5 Qc6 24. c4 Ra6 25. cxd5 Qb5 26. Bd3 Qb6 27. Bxa6 Qxa6 28. d6 c4 29.
bxc4 Qxc4 30. d7 a4 31. Bxf6 Bxf6 32. Re8 Qc7 33. Rxf8+ Kxf8 34. Qxf6 1-0

[Event "*** Titled Tuesday Blitz"]
[Site "Chess.com"]
[Date "2021.02.16"]
[Round "2"]
[White "Eltaj_Safarli"]
[Black "davidkalashian"]
[Result "1-0"]
[WhiteElo "2925"]
[BlackElo "2571"]
[TimeControl "180+1"]
[EndTime "10:17:48 PST"]
[Termination "Eltaj_Safarli won by resignation"]

1. e4 c6 2. d4 g6 3. Nc3 Bg7 4.
Nf3 d6 5. Be3 Nf6 6. Qd2 Nbd7 7.
Bh6 Bxh6 8. Qxh6 e5 9. O-O-O Qe7 10. Bc4 b5 11. Bb3 a5 12. a4 b4 13. Ne2 Nxe4 14. Qe3 d5 15. Nxe5 Nxe5 16. dxe5 O-O 17. h4 h5 18. f3 Nc5 19. Nd4 Nxb3+ 20. Nxb3 Re8 21. Rde1 f5 22. e6 Qf6 23. Nc5 d4 24. Qe5 Qxe5 25. Rxe5 Kg7 26. Kd2 Kf6 27. Rhe1 Ba6 28.
e7 Ra7 29. Re6+ Kf7 30. Rxc6 Bc4 31. b3 Bd5 32. Rd6 Ba8 33. Rxd4 Raxe7 34. Rxe7+ Rxe7 35. Nd3 Bb7 36. Rd6 Rc7 37. Ne5+ Ke7 38. Rxg6 1-0

[Event "*** Titled Tuesday Blitz"]
[Site "Chess.com"]
[Date "2021.02.16"]
[Round "2"]
[White "Neftegor"]
[Black "LiemLe"]
[Result "0-1"]
[WhiteElo "2586"]
[BlackElo "2978"]
[TimeControl "180+1"]
[EndTime "10:17:51 PST"]
[Termination "LiemLe won by resignation"]

1. Nf3 Nf6 2. d4 d5 3. c4 e6 4. Nc3 dxc4 5. e3 a6 6. Bxc4 b5 7. Bd3 Bb7 8. O-O Nbd7 9. Qe2 c5 10. a4 c4 11. Bc2 b4 12. Nb1 Rc8 13. Nbd2 Qc7 14. e4 b3 15. Bb1 c3 16. Nxb3 c2 17.
Ba2 Bxe4 18. Qxa6 Bxf3 19. gxf3 Bd6 20. Kg2 Nd5 21. Qd3 Nb4 22. Qe2 O-O 23. Be3 Nb6 24. Nc5 e5 25. Ne4 exd4 26. Bxd4 Nxa2 27. Nxd6 Qxd6 28. Qe3 Nd5 29. Qe5 Qxe5 0-1

[Event "*** Titled Tuesday Blitz"]
[Site "Chess.com"]
[Date "2021.02.16"]
[Round "2"]
[White "Salem-AR"]
[Black "rychessmaster1"]
[Result "1-0"]
[WhiteElo "2910"]
[BlackElo "2556"]
[TimeControl "180+1"]
[EndTime "10:17:51 PST"]
[Termination "Salem-AR won by resignation"]

1. d4 Nf6 2. c4 e6 3. Nf3 b6 4.
a3 Bb7 5. Nc3 d5 6. cxd5 Nxd5 7.
e3 Nxc3 8. bxc3 g6 9. Bb5+ c6 10. Ba4 Bg7 11. h4 h6 12. e4 Nd7 13. Be3 Nf6 14. Ne5 Qc7 15. Bf4 Qc8 16. Qf3 O-O 17. Bxh6 Bxh6 18. Qxf6 Bg7 19. Qf4 Bxe5 20. dxe5 Qd8 21.
Rh3 Kh7 22. Rd1 Qe7 23. Qg5 Qxg5 24. hxg5+ Kg7 25. Rd7 Rab8 26. Bb3 Rfd8 27. Rhd3 Rxd7 28. Rxd7 Kf8 29. f4 c5 30. Bc2 a5 31. Ke2 Bc6 32. Rc7 Bb5+ 33. Ke3 Kg7 34. f5 gxf5 35. exf5 Bc4 36. f6+ Kf8 37. g6 fxg6 38. Bxg6 1-0

[Event "*** Titled Tuesday Blitz"]
[Site "Chess.com"]
[Date "2021.02.16"]
[Round "2"]
[White "Bulldog167"]
[Black "KruHor"]
[Result "1-0"]
[WhiteElo "2873"]
[BlackElo "2537"]
[TimeControl "180+1"]
[EndTime "10:17:51 PST"]
[Termination "Bulldog167 won by resignation"]

1. d4 Nf6 2. c4 e6 3. Nf3 Bb4+ 4. Bd2 Bxd2+ 5. Qxd2 d6 6. Nc3 O-O 7. g3 Qe7 8. Bg2 e5 9. e3 exd4 10. Nxd4 a6 11. O-O c5 12. Nde2 Be6 13. b3 Rd8 14.
Nf4 Nc6 15. Rfd1 Rac8 16. h3 h5 17. Qe2 h4 18. g4 Nh7 19. Ncd5 Bxd5 20. Nxd5 Qe6 21.
f4 Nf6 22. g5 Nh7 23. Qg4 Re8 24. Qxh4 Nb4 25. Nxb4 Qxe3+ 26. Qf2 cxb4 27. Qxe3 Rxe3 28.
Bxb7 Rc7 29. Bg2 Rd7 30. c5 Nf8 31. c6 Rc7 32. Rxd6 Ne6 33. Rf1 a5 34. h4 g6 35. f5 gxf5 36. Rxf5 Re1+ 37. Rf1 Re2 38. Rf2 Re1+ 39. Kh2 Rc1 40. g6 Kg7 41. gxf7 Rxf7 42. Rxf7+ Kxf7 43. Bd5 Rc2+ 44. Kg1 Rc1+ 45. Kf2 Rc2+ 46.
Ke1 1-0

[Event "*** Titled Tuesday Blitz"]
[Site "Chess.com"]
[Date "2021.02.16"]
[Round "2"]
[White "klimkoj"]
[Black "Coiote53"]
[Result "1-0"]
[WhiteElo "2555"]
[BlackElo "2319"]
[TimeControl "180+1"]
[EndTime "10:17:51 PST"]
[Termination "klimkoj won by resignation"]

1. d4 Nf6 2. Nf3 g6 3. Bf4 Bg7 4. c3 d6 5. h3 O-O 6. e3 Nbd7 7.
Bh2 b6 8. Bd3 Bb7 9. Nbd2 Re8 10.
O-O e5 11. Ne1 c5 12. Qa4 a6 13. Qc2 Rc8 14. dxe5 Nxe5 15. Be2 Qe7 16. Bxe5 Qxe5 17.
Nef3 Qe7 18. Rad1 Rcd8 19. Nc4 d5 20. Nxb6 d4 21. cxd4 cxd4 22. Nxd4 Ne4 23. Nc4 h5 24. Bf3 h4 25. Na5 Rc8 26. Qb1 Ba8 27. Nab3 g5 28. Nf5 Qe5 29. Nxg7 Kxg7 30. Nd4 f5 31. Bxe4 Bxe4 32.
Qa1 g4 33. f3 gxf3 34. Nxf3 Bc2 35. Nxe5 1-0